[Event "Titled Tuesday Blitz November 07 Early 2023"]
[White "Asavasaetakul, Chawit"]
[Black "Soumya, Swaminathan"]
[WhiteFideId "6204856"]
[BlackFideId "5016193"]
[WhiteElo "2624"]
[BlackElo "2345"]
[Result "1-0"]
[Round "2"]
[TimeControl "180+1"]
[Date "2023.11.07"]
[WhiteClock "0:01:02"]
[BlackClock "0:00:00"]
[Board "163"]

1. e4 c5 2. c3 Nf6 3. e5 Nd5 4. d4 cxd4 5. cxd4 d6 6. Bc4 e6 7. Nf3 Nc6 8. O-O Be7 9. Qe2 O-O 10. Rd1 Bd7 11. Bxd5 exd5 12. Nc3 Be6 13. Bf4 Rc8 14. h3 a6 15. Rac1 Na5 16. b3 b5 17. exd6 Bxd6 18. Bxd6 Qxd6 19. Ne5 Rfe8 20. Qh5 f6 21. Nf3 Bf7 22. Qg4 h5 23. Qf5 g6 24. Qd3 Kg7 25. Re1 Be6 26. Ne2 Bf5 27. Qd2 Nc6 28. Ng3 Bd7 29. Nh4 Nb4 30. a3 Nc6 31. b4 Ne7 32. Rxc8 Rxc8 33. Qe2 Ng8 34. Qxh5 gxh5 35. Nhf5+ Bxf5 36. Nxf5+ Kg6 37. Nxd6 Rc3 38. Re3 Rc1+ 39. Kh2 h4 40. g3 hxg3+ 41. Rxg3+ Kh7 42. Nf5 Rc2 43. Kg2 Rd2 44. Rg7+ Kh8 45. Ra7 1-0


[Site "https://www.chess.com"]

[Event "Titled Tuesday Blitz November 07 Early 2023"]
[White "Arabidze, Meri"]
[Black "Kujawski, Adam"]
[WhiteFideId "13604040"]
[BlackFideId "1100920"]
[WhiteElo "2617"]
[BlackElo "2344"]
[Result "1-0"]
[Round "2"]
[TimeControl "180+1"]
[Date "2023.11.07"]
[WhiteClock "0:00:56"]
[BlackClock "0:00:25"]
[Board "164"]

1. Nf3 d5 2. b3 Nf6 3. e3 e6 4. Bb2 Be7 5. c4 O-O 6. Nc3 Re8 7. Qc2 a6 8. d4 Nbd7 9. Bd3 Nf8 10. O-O c6 11. Rfd1 b5 12. e4 b4 13. Na4 dxe4 14. Bxe4 Nxe4 15. Qxe4 Bd7 16. c5 Ng6 17. Ne5 Qc7 18. g3 Rad8 19. h4 Nf8 20. h5 f6 21. Nc4 f5 22. Qe2 Bf6 23. Ne5 Re7 24. Nb6 Be8 25. f4 Nd7 26. Nbxd7 Bxd7 27. Qxa6 Be8 28. Qe2 Bxe5 29. dxe5 Red7 30. Rd6 Rxd6 31. exd6 Qf7 32. Qe5 Rd7 33. Re1 Kh8 34. h6 Kg8 35. hxg7 Ra7 36. Qxe6 Qxe6 37. Rxe6 Bf7 38. Re7 Rxe7 39. dxe7 Be8 40. Kf2 Kf7 41. Ke3 Bd7 42. Kd3 Be6 43. g8=Q+ 1-0


[Site "https://www.chess.com"]

[Event "Titled Tuesday Blitz November 07 Early 2023"]
[White "JuniorJumper"]
[Black "Topalov, Aleksandar"]
[BlackFideId "925659"]
[WhiteElo "2615"]
[BlackElo "2343"]
[Result "1-0"]
[Round "2"]
[TimeControl "180+1"]
[Date "2023.11.07"]
[WhiteClock "0:00:15"]
[BlackClock "0:00:02"]
[Board "165"]

1. b3 Nf6 2. Bb2 g6 3. Nf3 Bg7 4. e3 O-O 5. Be2 d6 6. O-O e5 7. d4 exd4 8. exd4 Re8 9. Bd3 Nc6 10. c3 Nd5 11. Qd2 Qf6 12. c4 Nf4 13. Nc3 Bg4 14. Ne4 Nh3+ 15. gxh3 Rxe4 16. Bxe4 Bxf3 17. d5 Ne5 18. Bxe5 Qg5+ 19. Qxg5 1-0


[Site "https://www.chess.com"]

[Event "Titled Tuesday Blitz November 07 Early 2023"]
[White "KorolDimitriy75"]
[Black "ArtemDyachuk"]
[WhiteElo "2342"]
[BlackElo "2607"]
[Result "1/2-1/2"]
[Round "2"]
[TimeControl "180+1"]
[Date "2023.11.07"]
[WhiteClock "0:00:12"]
[BlackClock "0:00:13"]
[Board "166"]

1. d4 d5 2. c4 c6 3. Nc3 Nf6 4. e3 Bf5 5. Nf3 e6 6. Bd3 Bxd3 7. Qxd3 Nbd7 8. O-O Bd6 9. e4 dxe4 10. Nxe4 Nxe4 11. Qxe4 Nf6 12. Qe2 h6 13. Be3 O-O 14. h3 Qe7 15. Rad1 c5 16. b3 Rad8 17. Rd3 cxd4 18. Nxd4 Bb8 19. Rfd1 Qc7 20. Nf3 Ne4 21. Bxa7 Bxa7 22. Qxe4 Bb6 23. b4 Rxd3 24. Rxd3 Qe7 25. c5 Bc7 26. g3 Bb8 27. Kg2 Qc7 28. a4 Ba7 29. a5 Re8 30. Nd4 Qe7 31. Nb5 Bb8 32. Nd6 Rd8 33. Qd4 Qd7 34. h4 Qc6+ 35. Kg1 Qa4 36. Qf4 Rd7 37. Kg2 Qc6+ 38. Qf3 Qc7 39. Nc4 Rxd3 40. Qxd3 Qc6+ 41. Qf3 Qb5 42. Qc3 Qc6+ 43. Qf3 Qb5 44. Qc3 Qc6+ 45. Qf3 1/2-1/2


[Site "https://www.chess.com"]

[Event "Titled Tuesday Blitz November 07 Early 2023"]
[White "Ozates, Tuna"]
[Black "Dishman, Stephen"]
[WhiteFideId "6354521"]
[BlackFideId "403024"]
[WhiteElo "2607"]
[BlackElo "2341"]
[Result "1/2-1/2"]
[Round "2"]
[TimeControl "180+1"]
[Date "2023.11.07"]
[WhiteClock "0:00:23"]
[BlackClock "0:00:44"]
[Board "167"]

1. e4 c5 2. Nc3 Nc6 3. Bb5 Nd4 4. Nf3 a6 5. Bd3 g6 6. O-O Bg7 7. Nxd4 cxd4 8. Ne2 d5 9. exd5 Qxd5 10. Re1 Nf6 11. b3 O-O 12. Ba3 Re8 13. Nf4 Qd8 14. h3 Bd7 15. Bc4 Bc6 16. Qe2 e5 17. Nd3 e4 18. Nb4 Qd7 19. Nxc6 Qxc6 20. Qd1 d3 21. cxd3 b5 22. Bxf7+ Kxf7 23. Rc1 Qd5 24. Rc7+ Kg8 25. Bb2 Qxd3 26. Qa1 Re6 27. Rec1 Rae8 28. Ra7 Qxd2 29. Rcc7 Bh8 30. Bxf6 Bxf6 31. Rg7+ Kh8 32. Rxh7+ Kg8 33. Rag7+ Kf8 34. Rf7+ Kg8 35. Rxf6 Rxf6 36. Qxf6 Kxh7 37. Qf7+ Kh6 38. Qxe8 Qc1+ 39. Kh2 Qf4+ 40. Kg1 Qc1+ 41. Kh2 Qf4+ 42. Kg1 Qc1+ 1/2-1/2


[Site "https://www.chess.com"]

[Event "Titled Tuesday Blitz November 07 Early 2023"]
[White "Skaric, Djuro"]
[Black "Zomorrodian, Eilia"]
[WhiteFideId "934569"]
[BlackFideId "12551805"]
[WhiteElo "2339"]
[BlackElo "2593"]
[Result "1-0"]
[Round "2"]
[TimeControl "180+1"]
[Date "2023.11.07"]
[WhiteClock "0:02:09"]
[BlackClock "0:01:13"]
[Board "168"]

1. g3 Nf6 2. Bg2 g6 3. d3 Bg7 4. Nc3 O-O 5. e4 d6 6. f4 c5 7. Nf3 Nc6 8. O-O Nd4 9. h3 a6 10. g4 Rb8 11. Ne2 Nxf3+ 12. Bxf3 b5 13. g5 Nd7 14. Kg2 f6 15. h4 fxg5 16. hxg5 e5 17. f5 gxf5 18. exf5 Bb7 19. Bxb7 Rxb7 20. Ng3 d5 21. f6 Bh8 22. Qg4 e4 23. dxe4 Ne5 24. Qf5 Ng6 25. Qe6+ Rff7 26. e5 Qd7 27. Qxd7 Rfxd7 28. e6 Rd6 29. e7 Kf7 30. Bf4 Re6 31. Nf5 Re4 32. Nd6+ Kg8 33. Nxe4 dxe4 34. e8=Q+ Nf8 1-0


[Site "https://www.chess.com"]

[Event "Titled Tuesday Blitz November 07 Early 2023"]
[White "Saya, Ethan"]
[Black "Lewicki, Miroslaw"]
[WhiteFideId "26095181"]
[BlackFideId "1113380"]
[WhiteElo "2335"]
[BlackElo "2592"]
[Result "1-0"]
[Round "2"]
[TimeControl "180+1"]
[Date "2023.11.07"]
[WhiteClock "0:00:11"]
[BlackClock "0:00:05"]
[Board "169"]

1. d4 g6 2. e4 f6 3. Nc3 Kf7 4. Bc4+ Kg7 5. f4 b6 6. Nf3 Ba6 7. Qe2 Qc8 8. e5 c6 9. Be3 d5 10. exd6 exd6 11. d5 Bxc4 12. Qxc4 c5 13. O-O a6 14. a4 Ne7 15. Rae1 Nd7 16. Ne4 Nf5 17. Bd2 h5 18. Bc3 Rb8 19. Nfg5 b5 20. Ne6+ Kf7 21. axb5 axb5 22. Qe2 b4 23. N4g5+ Kg8 24. Nxf8 Nxf8 25. Bxf6 Rh6 26. Ra1 Qe8 27. Ne6 Rh7 28. Rfe1 Rf7 29. Bg5 Nh7 30. Qc4 Qd7 31. c3 b3 32. Qa4 Qxa4 33. Rxa4 Nf6 34. Bxf6 Rxf6 35. Ra6 c4 36. Re2 Rf7 37. Rc6 Ra7 38. Rxc4 Ra2 39. Rc7 Ne3 40. Rxe3 Rxb2 41. Ng5 Rb1+ 42. Kf2 b2 43. Ree7 Rf1+ 44. Kg3 b1=Q 45. Rg7+ Kh8 46. Rh7+ Kg8 47. Rcg7+ Kf8 48. Ne6+ Ke8 49. Re7# 1-0


[Site "https://www.chess.com"]

[Event "Titled Tuesday Blitz November 07 Early 2023"]
[White "Feuerstack, Aljoscha"]
[Black "Goswami, Vedant"]
[WhiteFideId "4681932"]
[BlackFideId "5003725"]
[WhiteElo "2589"]
[BlackElo "2332"]
[Result "1-0"]
[Round "2"]
[TimeControl "180+1"]
[Date "2023.11.07"]
[WhiteClock "0:02:06"]
[BlackClock "0:01:37"]
[Board "170"]

1. e4 c5 2. Nf3 Nc6 3. g3 e6 4. Bg2 g6 5. d3 Bg7 6. O-O Nge7 7. c3 b6 8. d4 Ba6 9. Re1 cxd4 10. cxd4 d6 11. Qa4 Bb7 12. d5 1-0


[Site "https://www.chess.com"]

[Event "Titled Tuesday Blitz November 07 Early 2023"]
[White "FREDERICKtheMATE"]
[Black "Fernandez Garcia, Gumersindo"]
[BlackFideId "24516740"]
[WhiteElo "2575"]
[BlackElo "2329"]
[Result "1-0"]
[Round "2"]
[TimeControl "180+1"]
[Date "2023.11.07"]
[WhiteClock "0:00:20"]
[BlackClock "0:00:02"]
[Board "171"]

1. Nf3 Nf6 2. d4 g6 3. c4 Bg7 4. Nc3 d6 5. e4 O-O 6. Be2 Nbd7 7. Be3 e5 8. d5 Nh5 9. Nd2 Nf4 10. Bf1 Nc5 11. Qc2 f5 12. b4 Na6 13. a3 Nh5 14. f3 fxe4 15. Ndxe4 Nf6 16. Bd3 Bf5 17. O-O Qd7 18. Rad1 Nxe4 19. fxe4 Bg4 20. Be2 Rxf1+ 21. Rxf1 Rf8 22. Rxf8+ Bxf8 23. Bxa7 b6 24. c5 dxc5 25. Bxa6 cxb4 26. axb4 Bxb4 27. Na4 Qe7 28. Bb5 Qg5 29. Qf2 Qc1+ 30. Qf1 Qe3+ 31. Kh1 Qxe4 32. Bb8 Bd6 33. Nxb6 h5 34. Nd7 Bxd7 35. Bxd7 Kg7 36. Be6 h4 37. h3 g5 38. Ba7 Qg6 39. Be3 e4 40. Qa1+ Kh6 41. Qh8+ Qh7 42. Bxg5+ Kg6 43. Bf5+ Kxf5 44. Qxh7+ Kxg5 45. Qxe4 1-0


[Site "https://www.chess.com"]

[Event "Titled Tuesday Blitz November 07 Early 2023"]
[White "Kotlyar, Kirill"]
[Black "Samaganova, Aleksandra"]
[WhiteFideId "24145599"]
[BlackFideId "13800221"]
[WhiteElo "2574"]
[BlackElo "2328"]
[Result "1-0"]
[Round "2"]
[TimeControl "180+1"]
[Date "2023.11.07"]
[WhiteClock "0:01:49"]
[BlackClock "0:00:00"]
[Board "172"]

1. e4 c5 2. Nf3 e6 3. d4 cxd4 4. Nxd4 a6 5. Nc3 Qc7 6. g3 Bc5 7. Bg2 Nf6 8. O-O O-O 9. Re1 d6 10. Na4 Ba7 11. Be3 b5 12. Nc3 Bb7 13. Ndxb5 axb5 14. Nxb5 Qa5 15. Nxa7 Rxa7 16. Bxa7 Qxa7 17. Qxd6 Qa4 18. b3 Qc6 19. Qxc6 Bxc6 20. c4 e5 21. b4 Bb7 22. a4 Nc6 23. c5 Nd4 24. Rac1 Ra8 25. b5 Rxa4 26. c6 Bc8 27. b6 Rb4 28. b7 1-0


[Site "https://www.chess.com"]

[Event "Titled Tuesday Blitz November 07 Early 2023"]
[White "Bokros, Albert"]
[Black "Derjabin, Ilja"]
[WhiteFideId "710458"]
[BlackFideId "14104768"]
[WhiteElo "2328"]
[BlackElo "2574"]
[Result "1-0"]
[Round "2"]
[TimeControl "180+1"]
[Date "2023.11.07"]
[WhiteClock "0:02:08"]
[BlackClock "0:00:00"]
[Board "173"]

1. e4 c5 2. Nf3 d6 3. d4 cxd4 4. Nxd4 Nf6 5. Nc3 a6 6. Qe2 e5 7. Nf5 Bxf5 8. exf5 h6 9. g4 Nc6 10. Bg2 Nd4 11. Qd1 d5 12. Nxd5 Nxd5 13. c3 Bc5 14. cxd4 Bxd4 15. Qb3 1-0


[Site "https://www.chess.com"]

[Event "Titled Tuesday Blitz November 07 Early 2023"]
[White "Predator0608"]
[Black "Zampronha, Wladimir Camilo"]
[BlackFideId "2103087"]
[WhiteElo "2565"]
[BlackElo "2328"]
[Result "1-0"]
[Round "2"]
[TimeControl "180+1"]
[Date "2023.11.07"]
[WhiteClock "0:01:54"]
[BlackClock "0:01:06"]
[Board "174"]

1. e4 c5 2. Nf3 e6 3. d4 cxd4 4. Nxd4 Nc6 5. Nc3 Qc7 6. Be3 a6 7. Be2 Nf6 8. O-O Bb4 9. Na4 O-O 10. Nxc6 bxc6 11. Nb6 Rb8 12. Nxc8 Rfxc8 13. Bxa6 Rf8 14. Bd3 Bd6 15. f4 e5 16. f5 Rxb2 17. g4 Rb4 18. Qf3 Qa5 19. g5 Ne8 20. Kh1 Ra4 21. Qe2 Bc5 22. Bd2 Bb4 23. Bxb4 Qxb4 24. Rab1 Qd4 25. g6 fxg6 26. fxg6 Rxf1+ 27. Qxf1 hxg6 28. Rb8 1-0


[Site "https://www.chess.com"]

[Event "Titled Tuesday Blitz November 07 Early 2023"]
[White "Buscar, Michael"]
[Black "brm72"]
[WhiteFideId "2603616"]
[WhiteElo "2324"]
[BlackElo "2551"]
[Result "0-1"]
[Round "2"]
[TimeControl "180+1"]
[Date "2023.11.07"]
[WhiteClock "0:00:53"]
[BlackClock "0:00:17"]
[Board "175"]

1. e4 c5 2. Nf3 d6 3. Bb5+ Nd7 4. O-O a6 5. Bd3 Ngf6 6. c3 b5 7. a4 c4 8. Bc2 Bb7 9. Na3 Nxe4 10. d3 cxd3 11. Bxd3 bxa4 12. Qxa4 Nc5 13. Qc2 Nxd3 14. Qxd3 g6 15. Qd4 Nf6 16. Re1 Bg7 17. Bh6 O-O 18. Bxg7 Kxg7 19. Nc4 Bxf3 20. gxf3 Qc7 21. Nb6 e5 22. Nxa8 Rxa8 23. Qa4 Nh5 24. Qe4 Rb8 25. Rxa6 Rxb2 26. Qc6 Qe7 27. Qxd6 Qg5+ 28. Kf1 Qh4 29. Qxe5+ Kh6 30. Qe3+ Nf4 31. Rea1 Kh5 32. R6a4 Qh3+ 33. Ke1 Ng2+ 34. Kd1 Nxe3+ 35. Kc1 Rc2+ 36. Kb1 Qf1# 0-1


[Site "https://www.chess.com"]

[Event "Titled Tuesday Blitz November 07 Early 2023"]
[White "Hirneise, Jens"]
[Black "gpsji27"]
[WhiteFideId "24614734"]
[WhiteElo "2545"]
[BlackElo "2322"]
[Result "0-1"]
[Round "2"]
[TimeControl "180+1"]
[Date "2023.11.07"]
[WhiteClock "0:01:38"]
[BlackClock "0:00:48"]
[Board "176"]

1. b3 d5 2. Bb2 Bg4 3. Nf3 Nc6 4. e3 e5 5. Be2 Bd6 6. d3 Nf6 7. Nbd2 e4 8. dxe4 dxe4 9. Nd4 Bxe2 10. Nxc6 Bxd1 11. Nxd8 Bxc2 12. Nxb7 Bb4 13. Rc1 Bd3 14. Rxc7 Nd5 15. Rc1 O-O 16. a3 Be7 17. Nc5 Bxc5 18. Rxc5 Nb6 19. f3 exf3 20. gxf3 Rac8 21. Bd4 Rxc5 22. Bxc5 Rc8 23. b4 Nd7 24. Kf2 Nxc5 25. Rc1 Ne4+ 26. Nxe4 Rxc1 27. Nc5 Rc2+ 28. Kg3 Bf1 29. e4 Kf8 30. h4 h5 31. Kf4 f6 32. Ne6+ Kf7 33. Nd4 Ra2 34. Nb5 Bxb5 0-1


[Site "https://www.chess.com"]

[Event "Titled Tuesday Blitz November 07 Early 2023"]
[White "Ben Artzi, Ido"]
[Black "Minina, Veronika"]
[WhiteFideId "2810913"]
[BlackFideId "4174780"]
[WhiteElo "2521"]
[BlackElo "2321"]
[Result "1-0"]
[Round "2"]
[TimeControl "180+1"]
[Date "2023.11.07"]
[WhiteClock "0:00:08"]
[BlackClock "0:00:00"]
[Board "177"]

1. d4 Nf6 2. c4 g6 3. Nc3 Bg7 4. e4 d6 5. f3 O-O 6. Be3 c5 7. Nge2 Nc6 8. d5 Na5 9. b3 a6 10. Rc1 b5 11. Ng3 bxc4 12. bxc4 e5 13. Bd3 Nd7 14. O-O Nb6 15. Qe2 Qh4 16. f4 exf4 17. Rxf4 Qe7 18. Nb1 Na4 19. Bd2 Rb8 20. Bxa5 Rb2 21. Bd2 Bd4+ 22. Kh1 Rxa2 23. Bc2 Bb2 24. Bb3 Ra1 25. Re1 Bd7 26. Bxa4 Bxa4 27. Bc3 Rb8 28. Bxb2 Ra2 29. Nf5 Qg5 30. Qf3 Rbxb2 31. Rg4 Qh5 32. Nc3 Rf2 33. Nxa2 Rxf3 34. gxf3 Bb3 35. Nc3 Bxc4 36. Rg3 Kf8 37. Nxd6 1-0


[Site "https://www.chess.com"]

[Event "Titled Tuesday Blitz November 07 Early 2023"]
[White "Fernandez Siles, Luis"]
[Black "Pham, Le Thao Nguyen"]
[WhiteFideId "2209420"]
[BlackFideId "12401226"]
[WhiteElo "2318"]
[BlackElo "2519"]
[Result "0-1"]
[Round "2"]
[TimeControl "180+1"]
[Date "2023.11.07"]
[WhiteClock "0:00:25"]
[BlackClock "0:01:20"]
[Board "178"]

1. e4 c5 2. Nf3 e6 3. c3 d5 4. exd5 exd5 5. d4 Nc6 6. Be3 c4 7. b3 cxb3 8. axb3 Nf6 9. Bd3 Be7 10. h3 O-O 11. O-O h6 12. Bf4 Re8 13. Bc2 Ne4 14. Nfd2 Bf5 15. Nxe4 dxe4 16. d5 Nb8 17. Ra4 Bg5 18. Bxg5 Qxg5 19. Kh1 Nd7 20. Nd2 Nf6 21. c4 Nh5 22. g4 Nf4 23. Rg1 Nxh3 24. Rg2 Qh4 25. Qe2 0-1


[Site "https://www.chess.com"]

[Event "Titled Tuesday Blitz November 07 Early 2023"]
[White "Toktomushev, Teimur"]
[Black "Barbot, Pierre"]
[WhiteFideId "14176726"]
[BlackFideId "663727"]
[WhiteElo "2517"]
[BlackElo "2316"]
[Result "1-0"]
[Round "2"]
[TimeControl "180+1"]
[Date "2023.11.07"]
[WhiteClock "0:00:02"]
[BlackClock "0:00:00"]
[Board "179"]

1. d4 Nf6 2. c4 g6 3. Nc3 d5 4. cxd5 Nxd5 5. e4 Nxc3 6. bxc3 Bg7 7. Be3 c5 8. Qd2 Qa5 9. Nf3 Nc6 10. Rc1 cxd4 11. cxd4 Qxd2+ 12. Kxd2 O-O 13. d5 Rd8 14. Bc4 Ne5 15. Nxe5 Bxe5 16. Ke2 Bg7 17. Rhd1 Bd7 18. d6 exd6 19. Rxd6 Bc6 20. Rxd8+ Rxd8 21. Bd5 Bxd5 22. exd5 Bf6 23. Rd1 b6 24. Kf3 Kf8 25. Ke4 Ke7 26. Rc1 Rd7 27. Rc8 Bg7 28. Bg5+ f6 29. Bf4 f5+ 30. Kf3 Rxd5 31. Bg5+ Ke6 32. Re8+ Kd7 33. Re7+ Kd6 34. Rxg7 Rd3+ 35. Ke2 Ra3 36. Bf4+ Ke6 37. Rxh7 Rxa2+ 38. Kf3 b5 39. Rb7 a6 40. h4 Ra3+ 41. Be3 Rb3 42. g3 a5 43. Kf4 a4 44. Ra7 a3 45. Kg5 b4 46. Bc5 Rb2 47. Bxb4 Rxb4 48. Rxa3 Rg4+ 49. Kh6 f4 50. Ra6+ Kf5 51. Ra5+ Kf6 52. Rg5 1-0


[Site "https://www.chess.com"]

[Event "Titled Tuesday Blitz November 07 Early 2023"]
[White "Ardila, Oscar Humberto"]
[Black "Dushyant Sharma"]
[WhiteFideId "4404742"]
[BlackFideId "25065130"]
[WhiteElo "2316"]
[BlackElo "2517"]
[Result "0-1"]
[Round "2"]
[TimeControl "180+1"]
[Date "2023.11.07"]
[WhiteClock "0:00:18"]
[BlackClock "0:00:20"]
[Board "180"]

1. d4 d5 2. c4 e6 3. Nc3 c6 4. Nf3 f5 5. cxd5 exd5 6. g3 Nf6 7. Bg2 Bd6 8. O-O O-O 9. Bg5 Qe8 10. Qc2 Ne4 11. Bf4 Bxf4 12. gxf4 Be6 13. Ne5 Nd7 14. e3 Qh5 15. f3 Nd6 16. Qf2 Rae8 17. Kh1 Kh8 18. Rg1 Rf6 19. Bf1 Rh6 20. Rg5 Qh4 21. Qxh4 Rxh4 22. Bd3 g6 23. Rag1 Nxe5 24. fxe5 Nf7 25. R5g3 f4 26. exf4 Rxf4 27. Ne2 Rh4 28. b4 a6 29. f4 Nh6 30. Rf1 Bf5 31. Rf2 Bxd3 32. Rxd3 Nf5 33. Kg2 Rg8 34. Ng3 Rf8 35. a4 Kg7 36. b5 axb5 37. axb5 Ne7 38. bxc6 bxc6 39. Ne2 h5 40. Rb3 Kf7 41. Rb7 Ke6 42. Rb6 Rg4+ 43. Kf3 g5 44. h3 Rh4 45. Kg3 Nf5+ 46. Kg2 gxf4 47. Rxc6+ Kd7 48. Rf6 Ne3+ 49. Kg1 Rg8+ 50. Kh2 Ng4+ 51. Kg1 Nxf6+ 52. Kf1 Ne4 53. Rxf4 Rxf4+ 54. Nxf4 Rf8 55. Ke2 Rxf4 56. Ke3 Rh4 0-1


[Site "https://www.chess.com"]

[Event "Titled Tuesday Blitz November 07 Early 2023"]
[White "Maect19"]
[Black "Girsh, Daniel"]
[BlackFideId "30949190"]
[WhiteElo "2316"]
[BlackElo "2515"]
[Result "1-0"]
[Round "2"]
[TimeControl "180+1"]
[Date "2023.11.07"]
[WhiteClock "0:00:15"]
[BlackClock "0:00:19"]
[Board "181"]

1. d4 Nf6 2. Nf3 d5 3. e3 Bf5 4. Bd3 e6 5. O-O Bd6 6. b3 O-O 7. Bb2 Nbd7 8. c4 c6 9. Qe2 Qe7 10. Ne5 Ne4 11. f3 Nef6 12. Nd2 Bxd3 13. Qxd3 dxc4 14. Ndxc4 Bc7 15. Rad1 Rad8 16. Qe2 Nxe5 17. dxe5 Nd5 18. e4 Nf4 19. Qc2 b5 20. Nd6 Bb6+ 21. Kh1 Nh5 22. Bd4 Qh4 23. Qf2 Qxf2 24. Rxf2 c5 25. Be3 f6 26. exf6 Nxf6 27. Rfd2 a6 28. g3 Rd7 29. Bg5 h6 30. Bxf6 gxf6 31. f4 Rfd8 32. e5 fxe5 33. fxe5 Bc7 34. Kg2 Bxd6 35. Rxd6 Rxd6 36. exd6 Rd7 37. Kf3 Kf7 38. Ke4 Kf6 39. Rf1+ Kg7 40. Ke5 c4 41. bxc4 bxc4 42. Rc1 Rd8 43. Rxc4 Kf7 44. Rc7+ Ke8 45. Kxe6 Rb8 46. Rh7 1-0


[Site "https://www.chess.com"]

[Event "Titled Tuesday Blitz November 07 Early 2023"]
[White "Taboas Rodriguez, Daniel"]
[Black "Davidson, Kevin"]
[WhiteFideId "2208466"]
[BlackFideId "2056810"]
[WhiteElo "2513"]
[BlackElo "2311"]
[Result "1-0"]
[Round "2"]
[TimeControl "180+1"]
[Date "2023.11.07"]
[WhiteClock "0:00:36"]
[BlackClock "0:00:00"]
[Board "182"]

1. d4 Nf6 2. Nf3 g6 3. c3 Bg7 4. Bg5 d6 5. Nbd2 h6 6. Bh4 O-O 7. e4 Nc6 8. d5 Ne5 9. Nxe5 dxe5 10. Bd3 e6 11. c4 exd5 12. cxd5 c6 13. Bc4 cxd5 14. Bxf6 Qxf6 15. Bxd5 Be6 16. Bxe6 Qxe6 17. O-O Rfd8 18. Qe2 Rac8 19. Nb1 Qc4 20. Qxc4 Rxc4 21. Nc3 Rd2 22. Rab1 Bf8 23. Rfd1 Rcd4 24. Kf1 Bb4 25. Rxd2 Rxd2 26. Nd5 Bc5 27. Rc1 Bd4 28. f4 Rxb2 29. f5 Rf2+ 30. Ke1 Rxg2 31. Rc8+ Kg7 32. f6+ Kh7 33. Rf8 g5 34. Rxf7+ Kg6 35. Rg7+ Kh5 36. Rxb7 Kg4 37. Ne7 Rf2 38. Nf5 Bc5 39. f7 Rxa2 40. Rc7 Bf8 41. Rc8 Ba3 42. Nxh6+ Kf4 43. Rc4 Ke3 44. Kf1 Kd3 45. Ra4 1-0


[Site "https://www.chess.com"]

[Event "Titled Tuesday Blitz November 07 Early 2023"]
[White "MIss_MIaMI"]
[Black "Pujari, Rucha"]
[BlackFideId "5024528"]
[WhiteElo "2309"]
[BlackElo "2512"]
[Result "1-0"]
[Round "2"]
[TimeControl "180+1"]
[Date "2023.11.07"]
[WhiteClock "0:00:21"]
[BlackClock "0:00:00"]
[Board "183"]

1. e4 e5 2. Nf3 Nc6 3. d4 exd4 4. c3 d5 5. exd5 Qxd5 6. Nxd4 Nxd4 7. cxd4 Nf6 8. Nc3 Bb4 9. Qa4+ Kd8 10. Qxb4 Re8+ 11. Be3 Qf5 12. Be2 a5 13. Qc4 Be6 14. Qd3 c6 15. Qxf5 Bxf5 16. O-O h6 17. Rfd1 a4 18. a3 g5 19. d5 Kc7 20. dxc6 bxc6 21. Rac1 Kb7 22. Rd6 Be6 23. h3 Rec8 24. Bf3 Ne8 25. Rd4 f5 26. Rb4+ Kc7 27. Nxa4 f4 28. Rxc6+ Kd7 29. Nb6+ Ke7 30. Nxc8+ Bxc8 31. Bc5+ Kf7 32. Bd5+ Kg7 33. Bd4+ Kf8 34. Rxh6 Ra5 35. Bb7 Bf5 36. Rh8+ Ke7 37. Bb6 Re5 38. Kh2 Re2 39. Bc5+ Kd7 40. Bf3 Rc2 41. Rb7+ Ke6 42. Rxe8+ Kf6 43. Rb6+ Kf7 44. Bh5+ Kg7 45. Bd4+ Kh7 46. Re7+ Kg8 47. Rb8+ Bc8 48. Re8+ 1-0


[Site "https://www.chess.com"]

[Event "Titled Tuesday Blitz November 07 Early 2023"]
[White "Ahmad, Khagan"]
[Black "Petrova, Irina"]
[WhiteFideId "13431552"]
[BlackFideId "14124122"]
[WhiteElo "2512"]
[BlackElo "2308"]
[Result "1-0"]
[Round "2"]
[TimeControl "180+1"]
[Date "2023.11.07"]
[WhiteClock "0:01:37"]
[BlackClock "0:01:53"]
[Board "184"]

1. Nf3 d6 2. d4 g6 3. c4 Bg7 4. Nc3 Nc6 5. e4 e5 6. dxe5 Nxe5 7. Nxe5 Bxe5 8. Be3 Nf6 9. Be2 O-O 10. O-O Bxc3 11. bxc3 Nxe4 12. Bf3 Nf6 13. Qd4 Kg7 14. Rab1 c6 15. Qh4 h5 16. Bg5 Bf5 17. Rxb7 Re8 18. Bxc6 Re2 19. Bf3 Re6 20. Bd5 Qc8 21. Bxe6 Qxb7 22. Bxf6+ Kg8 23. Bxf5 gxf5 1-0


[Site "https://www.chess.com"]

[Event "Titled Tuesday Blitz November 07 Early 2023"]
[White "Zaksaite, Salomeja"]
[Black "Krzywda, Andrzej"]
[WhiteFideId "12801496"]
[BlackFideId "1114565"]
[WhiteElo "2306"]
[BlackElo "2511"]
[Result "1-0"]
[Round "2"]
[TimeControl "180+1"]
[Date "2023.11.07"]
[WhiteClock "0:00:12"]
[BlackClock "0:00:33"]
[Board "185"]

1. e4 e5 2. Nf3 Nf6 3. Nxe5 d6 4. Nf3 Nxe4 5. Qe2 Qe7 6. d3 Nf6 7. Bg5 Qxe2+ 8. Bxe2 Be7 9. Nc3 h6 10. Bh4 Nc6 11. Nb5 Kd8 12. O-O-O g5 13. Bg3 Bd7 14. h4 Rg8 15. hxg5 hxg5 16. Rde1 a6 17. Nbd4 Nxd4 18. Nxd4 c5 19. Nf3 Be6 20. d4 Ne4 21. dxc5 Nxg3 22. fxg3 dxc5 23. Nd2 Kc7 24. Bc4 Bxc4 25. Nxc4 Rae8 26. Rh7 Rgf8 27. g4 b5 28. Ne5 Bd6 29. Nf3 Bf4+ 30. Kd1 Rd8+ 31. Ke2 Rfe8+ 32. Kf1 Rxe1+ 33. Kxe1 Rd7 34. Kf2 Kc6 35. Rg7 c4 36. g3 Bc1 37. Ne5+ Kd6 38. Nxd7 Kxd7 39. Rxf7+ Ke6 40. Ra7 Bxb2 41. Rxa6+ Kd5 42. Rg6 Bc1 43. Ke2 Kc5 44. Kd1 Be3 45. Ke2 Bc1 46. Kd1 Be3 47. Re6 Bd4 48. Ke2 Kb4 49. Rg6 Kc3 50. Rxg5 b4 51. Rd5 Bg7 52. Kd1 Kb2 53. Ra5 Bc3 54. g5 b3 55. axb3 Bxa5 56. bxc4 Bc3 57. g6 Bg7 58. c5 Kc3 59. c6 Be5 60. c7 Bxc7 61. g7 Bxg3 62. g8=Q Be5 63. Qc8+ Kd4 64. Qe6 Ke4 65. Qf7 Kd4 66. Ke2 Ke4 67. Qe8 Kd4 68. Qc8 Ke4 69. Qd7 Bd4 70. Qc6+ Ke5 71. c4 Bc3 72. Qd5+ Kf6 73. Kd3 Bb2 74. Ke4 Ke7 75. c5 Ke8 76. c6 Bf6 77. Qd7+ Kf8 78. c7 Be7 79. c8=Q+ Kf7 80. Qc4+ Kg6 81. Qce6+ Kh7 82. Qdxe7+ Kh8 83. Qc8# 1-0


[Site "https://www.chess.com"]

[Event "Titled Tuesday Blitz November 07 Early 2023"]
[White "arenal72"]
[Black "Rasmussen, Casper"]
[BlackFideId "1402005"]
[WhiteElo "2508"]
[BlackElo "2301"]
[Result "1-0"]
[Round "2"]
[TimeControl "180+1"]
[Date "2023.11.07"]
[WhiteClock "0:01:16"]
[BlackClock "0:01:50"]
[Board "187"]

1. Nf3 Nf6 2. g3 c5 3. Bg2 Nc6 4. O-O d6 5. d4 cxd4 6. Nxd4 Bd7 7. c4 g6 8. Nc3 Bg7 9. h3 O-O 10. Be3 a6 11. Qd2 Ne5 12. b3 Rb8 13. a4 h5 14. Rfd1 h4 15. g4 Nc6 16. f4 Nxd4 17. Bxd4 Bc6 18. e4 b5 19. cxb5 axb5 20. a5 b4 21. Nd5 Bxd5 22. exd5 Rb5 23. a6 Ra5 24. Qxb4 Rxa1 25. Rxa1 Nd7 26. Bxg7 Kxg7 27. a7 Qb6+ 28. Qxb6 Nxb6 29. Ra6 Na8 30. b4 1-0


[Site "https://www.chess.com"]